 Dungeon Crawl Stone Soup version 0.27.0-1-g7a089689b8 (webtiles) character file.

Game seed: 17384634075989084658

479 Acheron the Ruffian (level 6, -1/57 HPs)
             Began as a Troll Enchanter on Aug 15, 2021.
             Was a Follower of Qazlal.
             Slain by a gnoll (6 damage)
             ... on level 6 of the Dungeon.
             The game lasted 00:10:58 (2441 turns).

Acheron the Ruffian (Troll Enchanter)               Turns: 2441, Time: 00:11:01

Health: -1/57      AC:  6    Str: 17    XL:     6   Next: 86%
Magic:  6/6        EV: 10    Int: 11    God:    Qazlal [*.....]
Gold:   75         SH:  1    Dex: 12    Spells: 6/7 levels left

rFire    . . .     SeeInvis .     - Unarmed
rCold    + . .     Faith    .   (no shield)
rNeg     . . .     Spirit   .   b - +0 robe
rPois    .         Reflect  .   h - +2 hat
rElec    .         Harm     .   (no cloak)
rCorr    .         Rampage  .   (gloves unavailable)
Will     .....                  (boots unavailable)
Stlth    ++........             (no amulet)
HPRegen  1.19/turn              e - ring of protection from cold
MPRegen  0.10/turn              (no ring)

@: flying
A: large, unfitting armour, claws 3, regeneration 1, shaggy fur 1, tough skin 1
a: Renounce Religion


You were on level 6 of the Dungeon.
You worshipped Qazlal.
Qazlal was aware of your devotion.
You visited 1 branch of the dungeon, and saw 6 of its levels.

You collected 75 gold pieces.

Inventory:

Hand Weapons
 i - a +0 flail of protection
Missiles
 c - 172 stones
Armour
 b - a +0 robe (worn)
 h - a +2 hat (worn)
Jewellery
 e - a ring of protection from cold (left claw)
Wands
 j - a wand of acid (7)
 l - a wand of flame (19)
Potions
 f - 2 potions of lignification


   Skills:
 * Level 1.7 Fighting
 - Level 0.7 Short Blades
 * Level 3.1 Dodging
 + Level 1.9 Stealth
 * Level 5.1 Unarmed Combat
 + Level 1.2 Spellcasting
 + Level 2.2 Hexes


You had 6 spell levels left.
You knew the following spells:

 Your Spells              Type           Power      Damage    Failure   Level
a - Corona                Hex            5%         N/A       13%         1

Your spell library contained the following spells:

 Spells                   Type           Power      Damage    Failure   Level
 Ensorcelled Hibernation  Hex/Ice        6%         N/A       30%         2
 Foxfire                  Conj/Fire      0%         2x1d4     32%         1
 Magic Dart               Conj           0%         1d3       32%         1
 Summon Small Mammal      Summ           0%         N/A       32%         1
 Confusing Touch          Hex            5%         N/A       36%         3
 Tukima's Dance           Hex            5%         N/A       36%         3
 Call Imp                 Summ           0%         N/A       43%         2
 Dazzling Flash           Conj/Hex       6%         N/A       52%         3
 Inner Flame              Hex/Fire       3%         N/A       52%         3
 Summon Guardian Golem    Hex/Summ       3%         N/A       52%         3
 Call Canine Familiar     Summ           0%         N/A       67%         3
 Conjure Flame            Conj/Fire      0%         6-21      67%         3
 Mephitic Cloud           Conj/Pois/Air  0%         N/A       67%         3


Dungeon Overview and Level Annotations

Branches:
Dungeon (6/15)             Temple (0/1) D:6

Altars:
Dithmenos
Qazlal

Annotations:
D:2 1 runed translucent door, exclusion: downstairs, Crazy Yiuf
D:3 Sigmund


Innate Abilities, Weirdness & Mutations

You are too large for most types of armour.
You have claws for hands.
Your natural rate of healing is unusually fast.
You are covered in fur. (AC +1)
You have tough skin. (AC +1)


Message History

* * * LOW HITPOINT WARNING * * *
Something shocks you.
* * * LOW HITPOINT WARNING * * *
You aren't carrying any scrolls.
You aren't carrying any scrolls.
Unknown command.
It was a potion of flight.
You feel very buoyant.
You fly up into the air.
The gnoll barely misses you. The orc barely misses you.
Something hits you but does no damage. The orc closely misses you.
You scratch the orc.
You kill the orc!
Qazlal accepts your kill.
The orc throws a boomerang.
The boomerang closely misses you. The gnoll hits you but does no damage.
Something hits you but does no damage.
You barely miss the orc.
The orc throws a boomerang.
The boomerang barely misses you. The gnoll completely misses you.
The orc hits you with a +0 hand axe.
* * * LOW HITPOINT WARNING * * *
A sky beast appears from thin air!
Reactivating autopickup.
The sky beast hits you but does no damage.
You scratch the orc.
The orc is almost dead.
The orc hits you with a +0 hand axe.
* * * LOW HITPOINT WARNING * * *
The gnoll hits you from afar with a +0 spear.
* * * LOW HITPOINT WARNING * * *
The orc completely misses you.
An orc comes into view. It is wielding a +0 flail.
The sky beast hits you but does no damage.
You barely miss the orc.
The orc is almost dead.
The orc shouts!
The orc is engulfed in blazing flames.
You kill the orc!
Qazlal accepts your kill.
The gnoll hits you from afar with a +0 spear.
You die...

#.........#.# #..#
#+##...<.o...###....
..........#..S#.$.#
.........g.# ....#
....#+.o#####.>.##
... #.#....#o....#
.. #.##..#oZo# . #.
##..gY## #. #...#@#
#...○o# #....o#
.........$
####...#.. #...###
#... +...


You could see a sky beast, a gnoll, 4 orcs and a wyvern zombie.

Vanquished Creatures
  2 sky beasts
  A black bear (D:4)
  A bullfrog skeleton (D:6)
  An iguana (D:3)
  Terence (D:3)
  4 adders
  A worm (D:2)
  A dart slug (D:2)
  7 orcs
  9 ball pythons
  9 endoplasms
  9 goblins
  4 hobgoblins
  9 jackals
  7 kobolds
  A quokka (D:3)
  4 bats
  2 frilled lizards
  4 rats
77 creatures vanquished.

Notes
Turn   | Place    | Note
-------+----------+-------------------------------------------
     0 | D:1      | Acheron the Troll Enchanter began the quest for the Orb.
     0 | D:1      | Reached XP level 1. HP: 16/16 MP: 1/1
   135 | D:1      | Reached XP level 2. HP: 26/26 MP: 2/2
   494 | D:1      | Reached XP level 3. HP: 28/32 MP: 3/3
   579 | D:1      | Reached skill level 1 in Unarmed Combat
   909 | D:3      | Noticed Sigmund
  1072 | D:2      | Reached skill level 2 in Unarmed Combat
  1072 | D:2      | Reached XP level 4. HP: 40/40 MP: 4/4
  1304 | D:2      | Found a runed translucent door.
  1305 | D:2      | Noticed Crazy Yiuf
  1655 | D:3      | Found a shadowy altar of Dithmenos.
  1680 | D:3      | Noticed a sky beast
  1722 | D:3      | Killed a sky beast
  1723 | D:3      | Reached skill level 1 in Fighting
  1723 | D:3      | Reached skill level 3 in Unarmed Combat
  1723 | D:3      | Reached XP level 5. HP: 35/48 MP: 5/5
  1899 | D:3      | Noticed Terence
  1935 | D:3      | Killed Terence
  1986 | D:3      | Found a faded altar of an unknown god.
  2116 | D:4      | Noticed a black bear
  2181 | D:3      | Became a worshipper of Qazlal Stormbringer
  2181 | D:3      | Reached * piety under Qazlal
  2236 | D:4      | Killed a black bear
  2237 | D:4      | Reached skill level 4 in Unarmed Combat
  2237 | D:4      | Reached XP level 6. HP: 50/55 MP: 6/6
  2255 | D:5      | Entered Level 5 of the Dungeon
  2268 | D:5      | Noticed a sky beast
  2283 | D:5      | Killed a sky beast
  2337 | D:6      | Noticed an orc warrior
  2343 | D:6      | Reached skill level 5 in Unarmed Combat
  2351 | D:5      | HP: 2/57 [orc warrior (16)]
  2417 | D:6      | Noticed a sky beast
  2425 | D:6      | Found a staircase to the Ecumenical Temple.
  2441 | D:6      | Slain by a gnoll

Illustrated notes

Levels and vault maps discovered:
D:1:      sevenhm_arrival_forest_fort_small_5, layout_basic, minmay_unequal
D:2:      layout_loops_ring, uniq_crazy_yiuf_cottage
D:3:      layout_basic, grunt_dithmenos_smoke, bloody_makhleb,
          ebering_ecumenical_altar_hall, uniq_sigmund, uniq_terence
D:4:      layout_loops_ring, slow_altar_1, nicolae_shop_clearance,
          uniq_blork_the_orc
D:5:      layout_gridville, grunt_gozag_statues, mainiacjoe_overflow_brackets,
          kennysheep_little_box
D:6:      layout_basic, trog_wizard, lemuel_tele_altar,
          minmay_temple_entry_arrows, serial_glass, glass_columns_b,
          glass_columns_c, glass_columns_b, glass_columns_a, uniq_grinder

Skill      XL: |  1  2  3  4  5  6 |
---------------+-------------------+-----
Dodging        | 2 3 |  3.1
Unarmed Combat | 2 3 4 5 |  5.1
Fighting       | 1 |  1.7
Short Blades   | |  0.7
Stealth        | |  1.9
Spellcasting   | |  1.2
Hexes          | |  2.2

Action                   |  1- 3 |  4- 6 || total
-------------------------+-------+-------++-------
Melee: Unarmed           |   150 |   152 ||   302
       Dagger            |     3 |       ||     3
       Punch             |       |     3 ||     3
  Use: Scroll            |       |     5 ||     5
       Potion            |       |     1 ||     1
 Stab: Sleeping          |     4 |     1 ||     5
Armor: Robe              |    61 |    64 ||   125
Dodge: Dodged            |    81 |    82 ||   163
Block: Other             |       |     4 ||     4
